 Dungeon Crawl Stone Soup version 0.28-a0-909-g796cbd3a86 (webtiles) character file.

Game seed: 3114701389047049250

54 vurker the Gusty (level 3, -4/15 HPs)
             Began as a Felid Air Elementalist on Nov 24, 2021.
             Slain by an orc (5 damage)
             ... on level 2 of the Dungeon.
             The game lasted 00:01:18 (2200 turns).

vurker the Gusty (Felid Air Elementalist)           Turns: 2200, Time: 00:01:19

Health: -4/15      AC:  1    Str:  4    XL:     3   Next: 66%
Magic:  6/7        EV: 17    Int: 17    God:
Gold:   58         SH:  0    Dex: 16    Spells: 6/7 levels left
                                        Lives:  0   Deaths: 0

rFire   . . .      SeeInvis +   (weapon unavailable)
rCold   . . .      Faith    .   (shield unavailable)
rNeg    . . .      Spirit   .   (armour unavailable)
rPois   .          Reflect  .   (helmet unavailable)
rElec   .          Harm     .   (cloak unavailable)
rCorr   .          Rampage  .   (gloves unavailable)
Will    .....                   (boots unavailable)
Stlth   ++........              (no amulet)
HPRegen 0.05/turn               (no ring)
MPRegen 0.10/turn               (no ring)

@: quick
A: very small, claws 1, fangs 3, see invisible, speed 1, shaggy fur 1, stealthy
paws, no weapons or thrown items, no armour, multi-lived
a: no special abilities


You were on level 2 of the Dungeon.
You visited 1 branch of the dungeon, and saw 3 of its levels.

You collected 58 gold pieces.

Inventory:

Scrolls
 b - a scroll of fear {unknown}
 e - a scroll of enchant weapon {unknown}
 f - a scroll of magic mapping {unknown}
Potions
 a - a potion of heal wounds {unknown}
 c - 2 potions of flight {unknown}
 d - a potion of invisibility {unknown}
 g - a potion of degeneration {unknown}
 h - a potion of brilliance {unknown}


   Skills:
 + Level 1.0 Fighting
 - Level 2.6 Dodging
 - Level 2.6 Stealth
 * Level 2.6 Spellcasting
 + Level 1.4 Conjurations
 * Level 3.3 Air Magic


You had 6 spell levels left.
You knew the following spells:

 Your Spells              Type           Power      Damage    Failure   Level
a - Shock                 Conj/Air       40%        1d5       7%          1

Your spell library contained the following spells:

 Spells                   Type           Power      Damage    Failure   Level
 Static Discharge         Conj/Air       10%        N/A       10%         2
 Swiftness                Air            13%        N/A       14%         3
 Airstrike                Air            6%         N/A       41%         4


Dungeon Overview and Level Annotations

Branches:
Dungeon (3/15)

Altars:

Annotations:
D:3 Grinder


Innate Abilities, Weirdness & Mutations

You have sharp claws.
You have razor-sharp teeth.
You have supernaturally acute eyesight. (SInv)
You cover ground quickly. (Speed+)
You are covered in fur. (AC +1)
Your paws help you pounce on unaware monsters.
You are incapable of wielding weapons or throwing items.
You cannot wear armour.
You gain extra lives every three experience levels.


Message History

Found a runed cloak.
Found a stone staircase leading up.
There is a stone staircase leading up here.
The zap hits the hobgoblin.
The hobgoblin shouts!
The zap hits the orc. x2
The ball python hisses angrily.
The orc shouts!
You hear an angry hiss.
You hear a shout!
The zap hits the hobgoblin but does no damage.
The zap hits the orc.
You kill the orc!
The zap hits the hobgoblin.
You kill the hobgoblin!
The zap hits the orc. x2
Your Fighting skill increases to level 1!
The zap hits the orc. x4; The orc misses you.
The ball python closely misses you. The ball python barely misses you.
A ball python comes into view.
The ball python bites you. The ball python grabs you.
You stop ascending the stairs.
The ball python constricts you. The orc misses you. x2
You escape the ball python's grasp.
The orc completely misses you. The orc barely misses you.
You climb upwards.
There is a stone staircase leading down here.
Aim: a ball python (64% to hit)
The zap hits the ball python.
You kill the ball python!
The orc hits you with a +0 short sword. The orc closely misses you.
Aim: an orc, wielding a +0 short sword and wearing a +0 ring mail (severely wounded, 72% to hit)
The zap hits the orc.
You kill the orc!
The orc barely misses you.
Aim: an orc, wielding a +0 dagger (severely wounded, 68% to hit)
The zap hits the orc.
You kill the orc!
You can't see any susceptible monsters within range! (Use Z to cast anyway.)
You start resting.
You start waiting.
Done waiting.
You climb downwards.
The orc hits you with a +0 flail! The orc barely misses you.
The orc hits you with a +0 flail!
* * * LOW HITPOINT WARNING * * *
There is a stone staircase leading up here.
The orc misses you. x2
You climb upwards.
There is a stone staircase leading down here.
The orc barely misses you.
Aim: an orc, wielding a +0 flail (68% to hit)
The zap hits the orc.
The orc hits you with a +0 flail.
You die...

###### #....# #
#....# # #...@# #
#..oo# # #....# #
#....###########
#..............#
#..............#
#..............#
#..............######
###............'.....


You could see 2 orcs.

Vanquished Creatures
  A worm (D:2)
  2 dart slugs
  4 orcs
  3 ball pythons
  An endoplasm (D:2)
  2 giant cockroaches (D:1)
  3 goblins (D:1)
  5 hobgoblins
  4 jackals (D:2)
  5 kobolds
  2 bats (D:1)
  A frilled lizard (D:1)
  7 rats
  A spectral kobold (D:1)
41 creatures vanquished.

Notes
Turn   | Place    | Note
-------+----------+-------------------------------------------
     0 | D:1      | vurker the Felid Air Elementalist began the quest for the
                  | Orb.
     0 | D:1      | Reached XP level 1. HP: 7/7 MP: 4/4
   110 | D:1      | Reached skill level 1 in Conjurations
   249 | D:1      | Reached XP level 2. HP: 12/12 MP: 4/6
   324 | D:1      | Found a faded altar of an unknown god.
   391 | D:1      | Reached skill level 3 in Air Magic
  1088 | D:2      | Reached XP level 3. HP: 15/15 MP: 3/7
  2013 | D:3      | Reached skill level 1 in Fighting
  2181 | D:3      | Noticed Grinder
  2200 | D:2      | Slain by an orc

Illustrated notes

Levels and vault maps discovered:
D:1:      matt_arrival_spirals, layout_basic,
          dreamdust_ecumenical_altar_drowned_temple
D:2:      layout_basic
D:3:      layout_loops_ring, roderic_roman_lattice, minmay_misc_feat_chi,
          uniq_sigmund, uniq_grinder, uniq_jessica

Skill      XL: |  1  2  3 |
---------------+----------+-----
Conjurations   | 1 |  1.4
Air Magic      | 3 |  3.3
Fighting       | 1 |  1.0
Dodging        | |  2.6
Stealth        | |  2.6
Spellcasting   | |  2.6

Action                   || total
-------------------------++-------
Melee: Unarmed           ||    11
       Bite              ||     3
 Cast: Shock             ||    76
Dodge: Dodged            ||    23

Table legend: (Time is in decaauts)
 A = Elapsed time spent in this place.
 B = Non-inter-level travel time spent in this place.
 C = Inter-level travel time spent in this place.
 D = Time resting spent in this place.
 E = Time spent auto-exploring this place.
 F = Levels seen in this place.
 G = Mean time per level.
                   A        B        C        D        E       F      G
               +--------+--------+--------+--------+--------+-----+--------+
         Total |   1974 |   1952 |     22 |    160 |   1587 |   3 |  658.0 |
       Dungeon |   1974 |   1952 |     22 |    160 |   1587 |   3 |  658.0 |
               +--------+--------+--------+--------+--------+-----+--------+

Top non-repeatable levels by time:
     D:2: 1119 daAuts
     D:1: 845 daAuts
     D:3: 9 daAuts
